 Dungeon Crawl Stone Soup version 0.27-a0-1193-g8631133539 (webtiles) character file.

Game seed: 8302209107231674053

11 bande the Covered (level 2, 0/19 HPs)
             Began as a Gargoyle Fighter on May 26, 2021.
             Slain by an orc
             ... wielding a +0 trident
              (3 damage)
             ... on level 2 of the Dungeon.
             The game lasted 00:00:16 (357 turns).

bande the Covered (Gargoyle Fighter)                 Turns: 357, Time: 00:00:16

Health: 0/19       AC:  9    Str: 19    XL:     2   Next: 25%
Magic:  2/2        EV:  7    Int:  8    God:
Gold:   31         SH:  9    Dex:  9    Spells: 1/1 levels left

rFire    . . .     SeeInvis .   a - +0 war axe
rCold    . . .     Faith    .   c - +0 kite shield
rNeg     + . .     Spirit   .   b - +0 scale mail
rPois    ∞         Reflect  .   (no helmet)
rElec    +         Harm     .   (no cloak)
rCorr    .         Rampage  .   (no gloves)
Will     .....                  (no boots)
Stlth    ..........             (no amulet)
HPRegen  0.06/turn              (no ring)
MPRegen  0.08/turn              (no ring)

@: no status effects
A: sickness immunity, AC +2, negative energy resistance 1, electricity
resistance, torment resistance 1, petrification resistance
a: no special abilities


You were on level 2 of the Dungeon.
You visited 1 branch of the dungeon, and saw 2 of its levels.

You collected 31 gold pieces.

Inventory:

Hand Weapons
 a - a +0 war axe (weapon)
Armour
 b - a +0 scale mail (worn)
 c - a +0 kite shield (worn)
Potions
 d - a potion of might


   Skills:
 + Level 3.4 Fighting
 + Level 1.9 Axes
 + Level 3.5 Armour
 + Level 3.5 Shields


You had one spell level left.
You didn't know any spells.
Your spell library was empty.

Dungeon Overview and Level Annotations

Branches:
Dungeon (1/15)

Altars:


Innate Abilities, Weirdness & Mutations

You are immune to sickness and miasma.
Your stone body is resilient. (AC +2)
You are immune to poison.
You resist negative energy. (rN+)
You are resistant to electric shocks. (rElec)
You are resistant to unholy torment.
You are immune to petrification.


Message History

The orc is heavily wounded.
You block the orc's attack. x2
You hit the orc.
The orc is severely wounded.
You block the orc's attack.
You barely miss the orc.
The orc is severely wounded.
The orc hits you from afar with a +0 trident.
The orc hits you but does no damage. x3
You slash the orc!
You kill the orc!
You block the orc's attack. You block the giant cockroach's attack.
The orc hits you but does no damage.
The giant cockroach bites you but does no damage.
You barely miss the giant cockroach.
The giant cockroach bites you but does no damage.
The orc hits you but does no damage.
You barely miss the giant cockroach. You block the giant cockroach's attack.
The orc hits you but does no damage.
The giant cockroach bites you but does no damage.
The orc hits you but does no damage.
You barely miss the giant cockroach.
The giant cockroach bites you but does no damage.
The orc hits you but does no damage. The giant cockroach barely misses you.
The orc barely misses you. The giant cockroach barely misses you.
You closely miss the giant cockroach.
The giant cockroach bites you but does no damage.
The orc hits you from afar with a +0 trident.
The giant cockroach bites you.
* * * LOW HITPOINT WARNING * * *
You are too injured to fight recklessly!
You are too injured to fight recklessly!
You are too injured to fight recklessly!
Unknown command.
You closely miss the giant cockroach.
The orc hits you from afar with a +0 trident.
* * * LOW HITPOINT WARNING * * *
The giant cockroach barely misses you.
The orc hits you from afar with a +0 trident.
You die...

.........# ###..$
..........# .....#
..........# .....#
..........# .....#
..........# .....#
..........# .....#
..........##o....##
..........@B{......
..........##o###+##
#########.# .#
#####.......# .#
#.......###.# ..
#.......# #.# .#
#.......###.# .#
#####.....### ..
#......##.#


You could see 2 orcs and a giant cockroach.

Vanquished Creatures
  An adder (D:2)
  An orc (D:2)
2 creatures vanquished.

Notes
Turn   | Place    | Note
-------+----------+-------------------------------------------
     0 | D:1      | bande the Gargoyle Fighter began the quest for the Orb.
     0 | D:1      | Reached XP level 1. HP: 14/14 MP: 1/1
    30 | D:1      | You fall into a shaft and drop 1 floor!
    61 | D:2      | Reached XP level 2. HP: 2/19 MP: 2/2
   357 | D:2      | Slain by an orc

Illustrated notes

Levels and vault maps discovered:
D:1:      matt_arrival_refuge, layout_loops_ring, hangedman_decor_riveting
D:2:      minmay_skewed_foursquare, layout_basic

Action                   || total
-------------------------++-------
Melee: War axe           ||    22
Armor: Scale mail        ||    20
Dodge: Dodged            ||    11
Block: Kite shield       ||    13

Table legend: (Time is in decaauts)
 A = Elapsed time spent in this place.
 B = Non-inter-level travel time spent in this place.
 C = Inter-level travel time spent in this place.
 D = Time resting spent in this place.
 E = Time spent auto-exploring this place.
 F = Levels seen in this place.
 G = Mean time per level.
                   A        B        C        D        E       F      G
               +--------+--------+--------+--------+--------+-----+--------+
         Total |    370 |    370 |      0 |    279 |     49 |   2 |  185.0 |
       Dungeon |    370 |    370 |      0 |    279 |     49 |   2 |  185.0 |
               +--------+--------+--------+--------+--------+-----+--------+

Top non-repeatable levels by time:
     D:2: 340 daAuts
     D:1: 30 daAuts
